 Dungeon Crawl Stone Soup version 0.30-a0-219-gf2db51d15e (webtiles) character file.

Game seed: 11826078887156760098

33 zishaf the Magician (level 3, 6/16 (28) HPs)
             Began as a Mummy Reaver on Oct 6, 2022.
             Was a Follower of Makhleb.
             Quit the game on level 1 of the Dungeon.
             The game lasted 00:02:15 (441 turns).

zishaf the Magician (Mummy Reaver)                   Turns: 441, Time: 00:02:16

HP:   6/16 (28)     AC:  3    Str: 17    XL:     3   Next: 12%
MP:   7/7           EV: 11    Int: 12    God:    Makhleb [*.....]
Gold: 35            SH:  0    Dex: 10    Spells: 7/8 levels left

rFire   x . .      SeeInvis .    a - +0 spear
rCold   + . .      Faith    +    (no shield)
rNeg    + + +      Spirit   .    c - +0 leather armour
rPois   ∞          Reflect  .    (no helmet)
rElec   .          Harm     .    (no cloak)
rCorr   .          Rampage  .    (no gloves)
Will    .....                    (no boots)
Stlth   +.........               (no amulet)
HPRegen 0.22/turn                (no ring)
MPRegen 0.10/turn                (no ring)

@: very heavily drained
A: cold resistance 1, negative energy resistance 3, torment resistance 2, heat
vulnerability 1, in touch with death 1, no potions, faith
a: Renounce Religion


You were on level 1 of the Dungeon.
You worshipped Makhleb.
Makhleb was aware of your devotion.
You visited 1 branch of the dungeon, and saw 1 of its levels.

You collected 35 gold pieces.

Inventory:

Hand Weapons
 a - a +0 spear (weapon)
Armour
 c - a +0 leather armour (worn)
 e - a +0 cloak
Magical Staves
 b - a staff of death
Scrolls
 d - a scroll of immolation {unknown}
 f - a scroll of magic mapping {unknown}
 g - a scroll of teleportation {unknown}


   Skills:
 + Level 2.4 Fighting
 + Level 2.6 Polearms
 - Level 1.5 Dodging
 - Level 3.0 Spellcasting
 + Level 2.7 Conjurations
 + Level 1.1 Necromancy


You had 7 spell levels left.
You knew the following spells:

 Your Spells              Type           Power      Damage    Failure   Level
a - Kiss of Death         Conj/Necr      36%        2d8       14%         1

Your spell library contained the following spells:

 Spells                   Type           Power      Damage    Failure   Level
 Momentum Strike          Conj/Tloc      10%        3d8       26%         2
 Hailstorm                Conj/Ice       5%         3d4       45%         3


Dungeon Overview and Level Annotations

Branches:
Dungeon (1/15)

Altars:
Makhleb


Innate Abilities, Weirdness & Mutations

You are immune to poison.
Your flesh is cold resistant. (rC+)
You are immune to negative energy. (rN+++)
You are immune to unholy pain and torment.
You are vulnerable to heat. (rF-)
You are in touch with the powers of death.
You do not drink.
You have a special connection with the divine. (Faith)


Message History

The bat closely misses you. The bat hits you.
You see here a +0 mace.
The bat barely misses you. The bat hits you. The bat hits you.
You closely miss the bat.
The bat is heavily wounded.
The bat barely misses you.
You closely miss the bat.
The bat is heavily wounded.
The bat hits you but does no damage. The bat barely misses you.
The bat hits you but does no damage.
A rat comes into view.
The bat closely misses you. The bat attacks as you move away!
The bat hits you but does no damage. x3
You closely miss the bat. The bat closely misses you.
The bat hits you but does no damage.
You closely miss the bat. The bat barely misses you.
You completely miss the rat. The bat completely misses you.
The rat bites you but does no damage.
You barely miss the rat. The bat hits you but does no damage.
The rat bites you but does no damage.
You hit the rat but do no damage. The bat closely misses you.
The rat bites you.
You hit the rat but do no damage. The bat barely misses you. The rat bites you.
You hit the rat.
You kill the rat!
Makhleb accepts your kill. The bat misses you.
The bat attacks as you move away! The bat barely misses you. x2
The bat attacks as you move away! The bat hits you but does no damage.
The bat barely misses you. The bat misses you. The bat hits you.
The bat closely misses you.
You hit the bat but do no damage. The bat hits you.
The bat hits you but does no damage. The bat hits you but does no damage. x2
Are you sure you want to abandon this character and quit the game? (Confirm with "yes".)

#.# #.# ## #.# #.# .. ..#
..# # . #.# #.# #..###.#
#...)# #####.##.#######
#.....##.......#
####@b......[#
.#..####..#.......#.######
...............†.....[..).
######..###.###)##########
#..## #.# #.# #.# #.# #.#
# ... ##.###.##########
#### #................
#..###.##########


You could see a bat.

Vanquished Creatures
  A dart slug (D:1)
  2 ball pythons (D:1)
  5 endoplasms (D:1)
  2 giant cockroaches (D:1)
  A hobgoblin (D:1)
  2 jackals (D:1)
  4 kobolds (D:1)
  2 quokkas (D:1)
  2 bats (D:1)
  3 goblins (D:1)
  3 rats (D:1)
27 creatures vanquished.

Notes
Turn   | Place    | Note
-------+----------+-------------------------------------------
     0 | D:1      | zishaf the Mummy Reaver began the quest for the Orb.
     0 | D:1      | Reached XP level 1. HP: 16/16 MP: 4/4
   109 | D:1      | Reached XP level 2. HP: 12/20 MP: 5/5
   148 | D:1      | Found a faded altar of an unknown god.
   179 | D:1      | Reached skill level 3 in Spellcasting
   206 | D:1      | Prayed at the altar of an unknown god.
   206 | D:1      | Became a worshipper of Makhleb the Destroyer
   206 | D:1      | Reached * piety under Makhleb
   278 | D:1      | Reached skill level 1 in Necromancy
   394 | D:1      | Gained mutation: You are in touch with the powers of death.
                  | [Mummy growth]
   394 | D:1      | Reached XP level 3. HP: 10/15 MP: 7/7
   441 | D:1      | Quit the game

Illustrated notes

Levels and vault maps discovered:
D:1:      dpeg_arrival_renting, layout_rooms, ebering_ecumenical_altar_abandoned

Skill      XL: |  1  2 |
---------------+-------+-----
Spellcasting   | 3 |  3.0
Necromancy     | 1 |  1.1
Fighting       | |  2.4
Polearms       | |  2.6
Dodging        | |  1.5
Conjurations   | |  2.7

Action                   || total
-------------------------++-------
Melee: Spear             ||   103
       Punch             ||     1
 Cast: Kiss of Death     ||     5
Armor: Leather armour    ||    34
Dodge: Dodged            ||    71

Table legend: (Time is in decaauts)
 A = Elapsed time spent in this place.
 B = Non-inter-level travel time spent in this place.
 C = Inter-level travel time spent in this place.
 D = Time resting spent in this place.
 E = Time spent auto-exploring this place.
 F = Levels seen in this place.
 G = Mean time per level.
                   A        B        C        D        E       F      G
               +--------+--------+--------+--------+--------+-----+--------+
         Total |    438 |    438 |      0 |      0 |    246 |   1 |  438.0 |
       Dungeon |    438 |    438 |      0 |      0 |    246 |   1 |  438.0 |
               +--------+--------+--------+--------+--------+-----+--------+

Top non-repeatable levels by time:
     D:1: 438 daAuts
